 Dungeon Crawl Stone Soup version 0.29-a0-653-gd47aff6735 (webtiles) character file.

Game seed: 15279270220173191977

2 DocClef the Shield-Bearer (level 1, 0/18 HPs)
             Began as a Formicid Fighter on June 21, 2022.
             Slain by a goblin
             ... wielding a +0 club
              (1 damage)
             ... on level 1 of the Dungeon.
             The game lasted 00:00:10 (39 turns).

DocClef the Shield-Bearer (Formicid Fighter)          Turns: 39, Time: 00:00:10

Health: 0/18       AC:  6    Str: 20    XL:     1   Next: 44%
Magic:  1/1        EV:  9    Int:  7    God:
Gold:   0          SH:  5    Dex: 13    Spells: 0/0 levels left

rFire   . . .      SeeInvis +   a - +0 war axe
rCold   . . .      Faith    .   c - +0 buckler
rNeg    . . .      Spirit   .   b - +0 scale mail
rPois   .          Reflect  .   (helmet unavailable)
rElec   .          Harm     .   (no cloak)
rCorr   .          Rampage  .   (no gloves)
Will    .....                   (no boots)
Stlth   ..........              (no amulet)
HPRegen 0.06/turn               (no ring)
MPRegen 0.07/turn               (no ring)

@: no status effects
A: permanent stasis, dig shafts and tunnels, antennae 3, four strong arms
a: Dig, Shaft Self


You were on level 1 of the Dungeon.
You visited 1 branch of the dungeon, and saw 1 of its levels.

Inventory:

Hand Weapons
 a - a +0 war axe (weapon)
Armour
 b - a +0 scale mail (worn)
 c - a +0 buckler (worn)
Scrolls
 e - a scroll of fog {unknown}
Potions
 d - a potion of might


   Skills:
 + Level 3.5 Fighting
 - Level 2.0 Axes
 - Level 3.2 Armour
 - Level 4.0 Shields


You couldn't memorise any spells.
You didn't know any spells.
Your spell library was empty.

Dungeon Overview and Level Annotations

Branches:
Dungeon (1/15)

Altars:


Innate Abilities, Weirdness & Mutations

You cannot be hasted, slowed, berserked, paralysed or teleported.
You can dig through walls and to a lower floor.
You have a pair of large antennae on your head. (SInv)
Your four strong arms can wield two-handed weapons with a shield.


Message History

You are frozen.
The bat barely misses you.
You hit the endoplasm.
The endoplasm is almost dead.
You closely miss the goblin. You miss the bat.
The bat hits you but does no damage.
An endoplasm comes into view.
The goblin hits you but does no damage. The endoplasm freezes you.
You are frozen.
The endoplasm freezes you.
You are frozen.
You block the goblin's attack.
You are too injured to fight recklessly!
You are too injured to fight recklessly!
Unknown command.
The bat attacks as you move away! The bat hits you but does no damage. x2
You hit the endoplasm.
You kill the endoplasm!
You block the bat's attack.
You miss the goblin. The goblin hits you but does no damage.
The goblin hits you with a +0 club.
* * * LOW HITPOINT WARNING * * *
You hit the goblin.
The goblin is heavily wounded.
The goblin hits you but does no damage.
You barely miss the goblin.
The goblin is heavily wounded.
The goblin hits you but does no damage. x2; The endoplasm closely misses you.
You closely miss the goblin.
The goblin is heavily wounded.
You hit the endoplasm. The endoplasm freezes you.
You are frozen.
* * * LOW HITPOINT WARNING * * *
The goblin closely misses you.
You closely miss the goblin.
The goblin is heavily wounded.
You hit the endoplasm.
You kill the endoplasm!
The goblin hits you with a +0 club.
You die...

### ### .. #....
#.#.#
#####.#.####.
###............ {{
........†...###
#.. ###g†......
#.. #.@.#.#####
..#######.#.# #
..#.......#.#
#.#.#######.#
#.#.# #..
#.####.#.#########
.............>.#
.........###.#.#
........####'####


You could see a goblin.

Vanquished Creatures
  2 endoplasms (D:1)
  2 bats (D:1)
4 creatures vanquished.

Notes
Turn   | Place    | Note
-------+----------+-------------------------------------------
     0 | D:1      | DocClef the Formicid Fighter began the quest for the Orb.
     0 | D:1      | Reached XP level 1. HP: 18/18 MP: 1/1
    39 | D:1      | Slain by a goblin

Illustrated notes

Levels and vault maps discovered:
D:1:      psy_arrival_terrarium, layout_loops_ring, hangedman_decor_riveting

Action                   || total
-------------------------++-------
Melee: War axe           ||    11
Armor: Scale mail        ||    13
Dodge: Dodged            ||     9
Block: Buckler           ||     7

Table legend: (Time is in decaauts)
 A = Elapsed time spent in this place.
 B = Non-inter-level travel time spent in this place.
 C = Inter-level travel time spent in this place.
 D = Time resting spent in this place.
 E = Time spent auto-exploring this place.
 F = Levels seen in this place.
 G = Mean time per level.
                   A        B        C        D        E       F      G
               +--------+--------+--------+--------+--------+-----+--------+
         Total |     43 |     43 |      0 |      0 |     21 |   1 |   43.0 |
       Dungeon |     43 |     43 |      0 |      0 |     21 |   1 |   43.0 |
               +--------+--------+--------+--------+--------+-----+--------+

Top non-repeatable levels by time:
     D:1: 43 daAuts
